 Dungeon Crawl Stone Soup version 0.29.1-15-g9cfb28693d (webtiles) character file.

Game seed: 1533140932204201401

556531 Peloso the Minotaur Barricade (level 25, -24/257 HPs)
             Began as a Minotaur Fighter on Apr 9, 2023.
             Was the Champion of Okawaru.
             Annihilated by Josephina
             ... wielding a staff of cold
              (36 damage)
             ... on level 4 of the Depths.
             The game lasted 03:23:14 (65914 turns).

Peloso the Minotaur Barricade (Minotaur Fighter)   Turns: 65914, Time: 03:23:15

Health: -24/257    AC: 33    Str: 31    XL:     25   Next: 21%
Magic:  26/26      EV: 20    Int:  9    God:    Okawaru [******]
Gold:   3448       SH: 32    Dex: 18    Spells: 24/24 levels left

rFire   + + .      SeeInvis +   a - +3 Maxwell's thermic engine {flame, freeze}
rCold   . . .      Faith    .   d - +1 tower shield of the Blizzard {Slay+5}
rNeg    + + .      Spirit   .   h - +4 chain mail "Sephamaw" {*Corrode rPois Will+++ Regen+}
rPois   +          Reflect  +   O - +2 hat
rElec   +          Harm     .   w - +1 cloak {rCorr}
rCorr   +          Rampage  .   g - +0 pair of gloves {Dex+3}
Will    ++++.                   A - +0 pair of boots "Rithrott" {Dex+4}
Stlth   ..........              P - amulet of reflection
HPRegen 1.32/turn               v - ring of Requfel {rN++ Str+3 Dex-4 SInv}
MPRegen 0.20/turn               K - ring "Taasyjys" {rElec rF++ AC+4 Int+4}

@: no status effects
A: horns 2, retaliatory headbutt
}: 3/15 runes: serpentine, barnacled, silver
a: Renounce Religion, Heroism, Finesse, Duel


You were on level 4 of the Depths.
You worshipped Okawaru.
Okawaru was exalted by your worship.
You visited 10 branches of the dungeon, and saw 46 of its levels.
You visited 4 bazaars.
You also visited: Trove, Bailey, Gauntlet and Ice Cave.

You collected 8250 gold pieces.
You spent 4802 gold pieces at shops.

Inventory:

Hand Weapons
 a - the +3 Maxwell's thermic engine (weapon) {flame, freeze}
   (You found it in a treasure trove)

   It burns those it strikes, dealing additional fire damage.
   Big, fiery blades are also staple armaments of hydra-hunters.
   It freezes those it strikes, dealing additional cold damage.
   It can also slow down cold-blooded creatures.
   It becomes more effective when it hits something.
   This effect fades over time.
 b - a +7 double sword of electrocution
 c - a +3 double sword of flaming
 i - the +5 falchion of Purpose {holy, rPois rC++ rN+ MP-9}
   (You took it off a deep elf zephyrmancer on level 1 of the Elven Halls)

   It has been blessed by the Shining One to cause great damage to the undead
   and demons.
   rC:        It greatly protects you from cold.
   rPois:     It protects you from poison.
   rN:        It protects you from negative energy.
   MP:        It affects your magic capacity (-9).
 C - a +2 double sword of holy wrath
Armour
 d - the +1 tower shield of the Blizzard (worn) {Slay+5}
   (Okawaru gifted it to you on level 3 of the Lair of Beasts)

   Slay:      It affects your accuracy & damage with ranged weapons and melee
   (+5).
 g - a +0 pair of gloves of dexterity (worn)
 h - the +4 chain mail "Sephamaw" (worn) {*Corrode rPois Will+++ Regen+}
   (You found it on level 6 of the Dungeon)

   rPois:     It protects you from poison.
   Regen:     It increases your rate of health regeneration.
   *Corrode:  It may corrode you when you take damage.
   Will:      It greatly increases your willpower.
 j - +4 fire dragon scales {Xtahua}
 u - the +2 cloak of Okawaru's Reproof {rF++}
   (Okawaru gifted it to you on level 2 of the Crypt)

   rF:        It greatly protects you from fire.
 w - a +1 cloak of preservation (worn)
 A - the +0 pair of boots "Rithrott" (worn) {Dex+4}
   (You bought it in a shop on level 2 of the Orcish Mines)

   Dex:       It affects your dexterity (+4).
 G - +0 shadow dragon scales
 J - the +8 chain mail of Olageati {rC+ Str-2 Dex+6}
   (You found it on level 3 of the Crypt)

   Str:       It affects your strength (-2).
   Dex:       It affects your dexterity (+6).
   rC:        It protects you from cold.
 L - +0 ice dragon scales
 O - a +2 hat (worn)
 T - the +2 cloak "Ohim" {Dex+4}
   (You bought it in a shop on level 2 of the Depths)

   Dex:       It affects your dexterity (+4).
Jewellery
 v - the ring of Requfel (left hand) {rN++ Str+3 Dex-4 SInv}
   (You found it in a Gauntlet)

   [ring of see invisible]

   Str:       It affects your strength (+3).
   Dex:       It affects your dexterity (-4).
   rN:        It greatly protects you from negative energy.
   SInv:      It lets you see invisible.
 x - an amulet of regeneration
 F - the ring "Moofinue" {Fly Str+6}
   (You found it on level 8 of the Dungeon)

   [ring of strength]

   Str:       It affects your strength (+6).
   Fly:       It grants you flight.
 I - the ring "Tifaf" {rN+ rCorr}
   (You found it on level 3 of the Crypt)

   [ring of positive energy]

   rN:        It protects you from negative energy.
   rCorr:     It protects you from acid and corrosion.
 K - the ring "Taasyjys" (right hand) {rElec rF++ AC+4 Int+4}
   (You bought it in a shop in a bazaar)

   [ring of protection]

   AC:        It affects your AC (+4).
   Int:       It affects your intelligence (+4).
   rF:        It greatly protects you from fire.
   rElec:     It insulates you from electricity.
 M - the ring "Ciruopue" {Will+ Slay+4 SInv}
   (You bought it in a shop on level 1 of the Depths)

   [ring of slaying]

   Slay:      It affects your accuracy & damage with ranged weapons and melee
   (+4).
   SInv:      It lets you see invisible.
   Will:      It increases your willpower.
 N - the ring "Caluvve" {rElec rF+}
   (You found it on level 1 of the Depths)

   [ring of protection from fire]

   rF:        It protects you from fire.
   rElec:     It insulates you from electricity.
 P - an amulet of reflection (around neck)
 W - the amulet of Fan Jih {rC+ Regen+ Str-4 Stlth+}
   (You found it on level 5 of the Vaults)

   [amulet of regeneration]

   Str:       It affects your strength (-4).
   rC:        It protects you from cold.
   Regen:     It increases your rate of health regeneration.
   Stlth:     It makes you more stealthy.
Wands
 p - a wand of polymorph (3)
 y - a wand of flame (29)
 H - a wand of roots (8)
 S - a wand of acid (4)
 Y - a wand of digging (5)
Scrolls
 e - a scroll of acquirement
 k - 6 scrolls of poison
 l - 5 scrolls of immolation
 m - a scroll of blinking
 s - 2 scrolls of enchant weapon
 D - 9 scrolls of teleportation
 R - 4 scrolls of fear
 V - 5 scrolls of magic mapping
 X - a scroll of enchant armour
Potions
 f - 2 potions of flight
 n - 8 potions of heal wounds
 o - 6 potions of invisibility
 q - 11 potions of might
 r - 7 potions of resistance
 t - 7 potions of haste
 z - 2 potions of brilliance
 B - a potion of ambrosia
 Q - 6 potions of curing
 U - 2 potions of magic
 Z - 5 potions of berserk rage


   Skills:
 O Level 27 Fighting
 O Level 27 Long Blades
 + Level 23.2 Armour
 + Level 18.1 Dodging
 + Level 3.6 Stealth
 O Level 27 Shields
 + Level 1.9 Unarmed Combat
 + Level 5.5 Invocations
 + Level 1.3 Evocations


You had 24 spell levels left.
You didn't know any spells.
Your spell library contained the following spells:

 Spells                   Type           Power      Damage    Failure   Level
 Beastly Appendage        Tmut           0%         N/A       67%         1
 Foxfire                  Conj/Fire      0%         2x1d4     67%         1
 Freeze                   Ice            0%         1d3       67%         1
 Necrotise                Necr           0%         1d4       67%         1
 Sandblast                Erth           0%         2d4       67%         1
 Shock                    Conj/Air       0%         1d3       67%         1
 Sting                    Tmut/Pois      0%         1d3       67%         1
 Ensorcelled Hibernation  Hex/Ice        0%         N/A       80%         2
 Passwall                 Tmut/Erth      0%         N/A       80%         2
 Poisonous Vapours        Pois/Air       0%         N/A       80%         2
 Scorch                   Fire           0%         2d5       80%         2
 Static Discharge         Conj/Air       0%         3-3/arc   80%         2
 Wereblood                Tmut           0%         N/A       80%         2
 Conjure Flame            Conj/Fire      0%         6-21      95%         3
 Dazzling Flash           Conj/Hex       0%         N/A       95%         3
 Frozen Ramparts          Ice            0%         1d1       95%         3
 Gell's Gravitas          Tloc           0%         N/A       95%         3
 Ignite Poison            Fire/Tmut/Pois 0%         N/A       95%         3
 Inner Flame              Hex/Fire       0%         N/A       95%         3
 Lesser Beckoning         Tloc           0%         N/A       95%         3
 Spider Form              Tmut/Pois      0%         N/A       95%         3
 Stone Arrow              Conj/Erth      0%         3d7       95%         3
 Swiftness                Air            0%         N/A       95%         3
 Teleport Other           Tloc           0%         N/A       95%         3
 Vampiric Draining        Necr           0%         2d6       95%         3
 Airstrike                Air            0%         2d(0-16)  100%        4
 Cause Fear               Hex            0%         N/A       100%        4
 Corpse Rot               Necr/Pois/Air  0%         N/A       100%        4
 Flame Wave               Conj/Fire      0%         2d4       100%        4
 Hailstorm                Conj/Ice       0%         3d3       100%        4
 Ice Form                 Ice/Tmut       0%         N/A       100%        4
 Leda's Liquefaction      Hex/Erth       0%         N/A       100%        4
 Olgreb's Toxic Radiance  Pois           0%         N/A       100%        4
 Passage of Golubria      Tloc           0%         N/A       100%        4
 Sticky Flame             Conj/Fire      0%         2d3       100%        4
 Agony                    Necr           0%         N/A       100%        5
 Borgnjor's Vile Clutch   Necr/Erth      0%         N/A       100%        5
 Iskenderun's Battlesphe  Conj           0%         2d6       100%        5
 Lee's Rapid Deconstruct  Erth           0%         3d5*      100%        5
 Lightning Bolt           Conj/Air       0%         1d11      100%        5
 Silence                  Hex/Air        0%         N/A       100%        5
 Conjure Ball Lightning   Conj/Air       0%         3x3d6     100%        6
 Iron Shot                Conj/Erth      0%         9d1       100%        6
 Statue Form              Tmut/Erth      0%         N/A       100%        6
 Borgnjor's Revivificati  Necr           0%         N/A       100%        8
 Discord                  Hex            0%         N/A       100%        8
 Disjunction              Tloc           0%         N/A       100%        8
 Lehudib's Crystal Spear  Conj/Erth      0%         10d2      100%        8
 Maxwell's Capacitive Co  Air            0%         ∞         100%        8
 Necromutation            Tmut/Necr      0%         N/A       100%        8
 Death's Door             Necr           0%         N/A       100%        9
 Summon Ice Beast         Ice/Summ       Unusable   N/A       N/A         4
 Death Channel            Necr           Unusable   N/A       N/A         6
 Summon Cactus Giant      Summ           Unusable   N/A       N/A         6
 Haunt                    Necr/Summ      Unusable   N/A       N/A         7
 Spellforged Servitor     Conj/Summ      Unusable   N/A       N/A         7

Dungeon Overview and Level Annotations

Branches:
Dungeon (15/15)            Temple (1/1) D:5            Lair (5/5) D:9
 Shoals (4/4) Lair:3        Snake (4/4) Lair:3        Slime (0/5) Lair:4
    Orc (2/2) D:10            Elf (3/3) Orc:2        Vaults (5/5) D:14
  Crypt (3/3) Vaults:3       Tomb (0/3) Crypt:3      Depths (4/4) D:15
    Zot (0/5) Depths:4     Bailey (visited)           IceCv (visited)
Gauntlet (visited)

Altars:
Ashenzari
Cheibriados
Dithmenos
Elyvilon
Fedhas
Gozag
Hepliaklqana
Kikubaaqudgha
Makhleb
Nemelex Xobeh
Okawaru
Qazlal
Ru
Sif Muna
Trog
Uskayaw
Vehumet
Wu Jian
Xom
Yredelemnul
Zin
The Shining One
Jiyva

Shops:
D:6 :   Orc:1 (   Orc:2 !([[:   Elf:1 *   Elf:2 (   Elf:3 [   Shoals:1 (!=?(
Shoals:4 ?   Snake:1 ??[(   Snake:4 *:   Vaults:4 !   Vaults:5 *   Depths:1 =:=
Depths:2 ![[

Portals:
Hell: Depths:1 Depths:2 Depths:3 Depths:4
Abyss: Depths:3
Pandemonium: Depths:2 Depths:3 Depths:4

Annotations:
D:3 - Dig
D:10 Casa
Vaults:2 2 transporters, Qubujoz's ghost, adept FoHu; Xafer's ghost, adept DsGl; Yloucecuu's ghost, veteran SpEn
Depths:4 Josephina


Innate Abilities, Weirdness & Mutations

You have a pair of horns on your head.
You reflexively headbutt those who attack you in melee.


Message History

The tengu reaver simulacrum pecks you but does no damage.
The tengu reaver simulacrum claws you but does no damage.
You miss Josephina. Your headbutt misses Josephina.
Josephina is heavily damaged.
The golden dragon simulacrum bites you but does no damage.
The golden dragon simulacrum claws you but does no damage.
You block the golden dragon simulacrum's attack.
You block the deep troll shaman's attack.
The deep troll shaman barely misses you.
You block the deep troll shaman's attack.
You block Josephina's attack. Josephina closely misses you.
You slice Josephina!! You burn Josephina!! You headbutt Josephina.
Josephina is almost destroyed.
You block the tengu reaver simulacrum's attack.
The tengu reaver simulacrum pecks you but does no damage.
The tengu reaver simulacrum completely misses you.
You barely miss Josephina.
Josephina is almost destroyed.
You block Josephina's attack. x2
The golden dragon simulacrum completely misses you.
You block the golden dragon simulacrum's attack.
The golden dragon simulacrum tramples you.
You hold your ground!
The deep troll shaman bites you but does no damage.
You block the deep troll shaman's attack. x2
You miss Josephina.
Josephina is almost destroyed.
You block the tengu reaver simulacrum's attack. x2
The tengu reaver simulacrum claws you.
The tengu reaver simulacrum freezes you!!!
* * * LOW HITPOINT WARNING * * *
The deep troll shaman bites you but does no damage.
You block the deep troll shaman's attack.
The deep troll shaman claws you but does no damage.
Josephina hits you with a staff of cold.
* * * LOW HITPOINT WARNING * * *
Josephina freezes you!!
* * * LOW HITPOINT WARNING * * *
Josephina freezes you!!!
You die... ........# ........# ........# ......# .Z...# #TZT#

######TTL#
......TZ@#
.......Z.#
.........#
.........#
.##.###..#
#.###..# #.
#......# #..
#......#
....#......#


You could see Josephina, an iron troll (soul bound), 3 deep trolls, a deep troll
shaman (soul bound), a golden dragon simulacrum, 2 glowing shapeshifter
simulacra and a tengu reaver simulacrum.

Vanquished Creatures
  An ancient lich (Crypt:3)
  Mara (Vaults:5)
  2 juggernauts (Depths:2)
  Boris (twice) (Crypt:2 Depths:3)
  Saint Roka (Vaults:4)
  Frederick (Depths:3)
  Xtahua (Crypt:1)
  A golden dragon (Vaults:4)
  A profane servitor (Crypt:3)
  3 bone dragons
  6 tentacled monstrosities
  Zenata (Elf:2)
  Jorgrun (D:15)
  A walking crystal tome (Depths:3)
  A shard shrike skeleton (Crypt:1)
  2 liches
  A deep elf blademaster (Elf:3)
  6 titans
  3 acid blobs
  A deep elf master archer (Elf:3)
  3 ancient champions
  2 walking frostbound tomes
  Frances (Elf:1)
  2 tengu reavers (Vaults:5)
  9 sphinxes
  7 shadow dragons
  A storm dragon (Vaults:5)
  Donald (Crypt:1)
  An azure jelly (Depths:1)
  6 nagarajas
  A revenant (Crypt:3)
  Roxanne (Elf:2)
  Agnes (Elf:1)
  Ilsuiw (Shoals:4)
  7 rockslimes (Depths:1)
  11 frost giants
  7 fire giants
  5 deep elf sorcerers
  16 vault wardens
  Louise (Snake:2)
  5 orc warlords
  A spriggan defender (Depths:2)
  6 ghouls
  27 very ugly things
  A draconian shifter (Depths:4)
  3 spectral caustic shrikes (Depths:1)
  2 draconian annihilators (Depths:4)
  9 deep elf elementalists (Elf:3)
  17 ironbound preservers
  2 reapers
  2 war gargoyles (Vaults:5)
  5 ironbound thunderhulks
  11 stone giants
  A caustic shrike skeleton (Crypt:2)
  13 vampire knights
  4 deep elf demonologists
  A yellow draconian (Depths:4)
  6 deep elf annihilators
  24 dire elephants
  3 entropy weavers
  5 spark wasps
  2 white draconians (Depths:4)
  A minotaur (Gauntlet)
  The ghost of danmikkh the Severer, a journeyman HOFi of Beogh (Lair:1)
  A red draconian (Depths:4)
  2 eidola
  6 fire dragons
  6 merfolk javelineers
  8 ettins
  13 deep elf death magi
  12 merfolk impalers
  2 blizzard demons (IceCv)
  27 jiangshi
  4 salamander tyrants (Snake:4)
  16 yaktaur captains
  11 great orbs of eyes
  7 hydras
  2 spriggan zombies
  2 rakshasas (Depths:1)
  9 boulder beetles
  10 deep elf high priests
  10 ice dragons
  39 vault guards
  A peacekeeper (Vaults:1)
  2 spriggan skeletons (Crypt:2)
  2 ogre magi
  3 merfolk avatars
  11 ironbound frosthearts
  A catoblepas (Lair:2)
  2 caustic shrike simulacra (IceCv)
  5 spriggan air magi
  A juggernaut simulacrum (Crypt:3)
  9 anacondas
  6 centaur warriors
  4 merfolk aquamancers
  15 two-headed ogres
  25 dancing weapons
  4 death yaks (Lair:5)
  3 alligator snapping turtles
  13 naga warriors
  5 death knights
  A satyr (Shoals:3)
  8 tengu warriors
  A deep troll shaman (Depths:2)
  Erica (D:8)
  An Orb Guardian skeleton (Crypt:2)
  5 shock serpents
  7 vampire magi
  2 thrashing horrors (Gauntlet)
  7 hell knights
  4 soul eaters
  9 deep troll earth magi
  An orc high priest (Elf:1)
  8 naga sharpshooters
  A shock serpent (shapeshifter) (Vaults:5)
  9 spriggan berserkers
  Nergalle (D:10)
  3 sun demons
  21 deep elf knights
  4 shadow wraiths
  27 skeletal warriors
  A sixfirhy (Depths:4)
  A bunyip zombie (Crypt:2)
  A salamander mystic (Snake:4)
  13 sea snakes
  55 deep trolls
  7 iron trolls
  13 flayed ghosts
  A steelbarb worm (shapeshifter) (Vaults:5)
  16 wizards
  3 glowing orange brains
  4 spriggan simulacra (IceCv)
  17 deep elf archers
  16 ironbound convokers
  2 bog bodies (Crypt:1)
  4 naga ritualists
  2 anaconda skeletons (Crypt:2)
  19 phantasmal warriors
  An obsidian statue (IceCv)
  2 stone giant zombies (Crypt:2)
  Pikel (D:8)
  15 harpies
  11 orc knights
  A mana viper (shapeshifter) (Depths:2)
  A wolf spider zombie (Crypt:2)
  5 lindwurms
  An oklob plant (Lair:1)
  62 ugly things
  A wolf spider (shapeshifter) (Vaults:5)
  8 necromancers
  33 deep elf pyromancers
  27 deep elf zephyrmancers
  7 mana vipers
  14 manticores
  An iron dragon zombie (Crypt:2)
  6 orc sorcerers
  5 cyclopes
  7 fauns (Shoals:1)
  9 salamanders
  20 vault sentinels
  A fire giant zombie (Vaults:1)
  6 water nymphs
  9 merfolk sirens
  Maurice (D:8)
  4 elephants (Lair:4)
  15 naga magi
  22 centaur zombies
  27 black mambas
  2 naga skeletons
  A water nymph (shapeshifter) (Vaults:5)
  3 guardian serpents
  A torpor snail (shapeshifter) (Vaults:5)
  A dire elephant skeleton (Crypt:2)
  9 rime drakes
  A minotaur zombie (Crypt:2)
  13 cane toads
  3 gargoyles
  2 unseen horrors (D:12)
  Psyche (D:9)
  19 freezing wraiths
  53 yaktaurs
  A redback zombie (Crypt:1)
  An efreet (D:14)
  7 komodo dragons
  A red draconian skeleton (Crypt:2)
  14 ice devils
  6 tengu conjurers
  2 red devils (Depths:4)
  A hellwing (Depths:4)
  30 merfolk
  A yaktaur skeleton (Vaults:1)
  2 golden dragon simulacra (IceCv)
  A merfolk (shapeshifter) (Depths:3)
  7 trolls
  5 guardian mummies (Crypt:1)
  9 polar bears
  16 hornets
  A harpy zombie (Crypt:2)
  4 wind drakes
  Prince Ribbit (D:7)
  A wolf spider simulacrum (Gauntlet)
  Grinder (D:3)
  9 slime creatures
  8 blink frogs
  A harpy skeleton (D:15)
  10 snapping turtles
  3 dream sheep
  3 meliai zombies (D:11)
  2 ettin zombies (Crypt:2)
  2 centaur simulacra
  55 flying skulls
  An ice dragon skeleton (Crypt:2)
  3 dire elephant simulacra (IceCv)
  An alligator skeleton (Crypt:2)
  13 shadows
  A jumping spider (shapeshifter) (D:13)
  4 air elementals
  11 wraiths
  20 spriggans
  A spriggan (shapeshifter) (Elf:2)
  16 water elementals
  A yak (shapeshifter) (Elf:1)
  A ynoxinul (Depths:4)
  6 vampires
  13 basilisks
  16 wyverns
  4 fire elementals
  A chaos spawn (Depths:3)
  2 steam dragons (D:7)
  49 yaks
  9 redbacks
  3 vampire mosquitoes
  A wind drake skeleton (Crypt:2)
  A naga zombie (Crypt:2)
  4 wargs
  8 minotaur simulacra (IceCv)
  An acid dragon (D:11)
  50 nagas
  3 harpy simulacra (IceCv)
  A hydra simulacrum (IceCv)
  15 water moccasins
  An ice beast (D:8)
  43 orc warriors
  A sky beast (D:6)
  2 meliai simulacra (Gauntlet)
  6 black bears
  A black bear (shapeshifter) (Vaults:5)
  11 boggarts
  2 alligator simulacra (IceCv)
  An ettin simulacrum (Vaults:4)
  21 wolves
  12 ogres
  4 human skeletons
  8 centaurs
  7 small abominations
  An eye of devastation zombie (Crypt:1)
  6 kobold brigands
  3 earth elementals
  8 bullfrogs
  5 scorpions
  3 gnoll sergeants
  9 necrophages
  2 salamander skeletons
  6 deep troll simulacra (IceCv)
  3 wights
  A wyvern skeleton (Crypt:1)
  5 killer bees (D:8)
  The ghost of TungstenYUNOMELT the Trooper, a weakling DsFi (D:3)
  2 electric eels (D:10)
  2 howler monkeys
  A wyvern simulacrum (Gauntlet)
  A lava snake (Snake:4)
  3 hounds
  Crazy Yiuf (D:7)
  5 jellies
  A human zombie (Crypt:1)
  27 orc priests
  2 centaur skeletons
  26 orc wizards
  Natasha (thrice) (D:4)
  An iguana (D:5)
  A basilisk skeleton (Crypt:1)
  6 hell rats (Lair:5)
  An ogre zombie (Crypt:1)
  2 mummies (Crypt:1)
  18 gnolls
  17 adders
  2 shadow imps
  A steam dragon skeleton (Crypt:2)
  8 white imps
  An ufetubus (D:6)
  A worm (D:3)
  2 dart slugs
  86 orcs
  7 endoplasms
  A giant cockroach (D:1)
  12 goblins
  6 hobgoblins
  6 jackals
  4 quokkas
  2 ball pythons
  5 bats
  2 frilled lizards
  A frilled lizard (shapeshifter) (Vaults:5)
  17 kobolds
  A quokka zombie (Crypt:1)
  6 rats
  A rat skeleton (Crypt:2)
2230 creatures vanquished.

Vanquished Creatures (others)
  A stone giant (Depths:1)
  2 deep elf knights
  A deep elf zephyrmancer (Elf:3)
  A water nymph (Shoals:4)
  An unseen horror (shapeshifter) (Elf:1)
  A golden dragon simulacrum (Depths:4)
  A merfolk (Shoals:4)
  2 boggarts (D:15)
  An orc (D:15)
  21 fungi
  127 plants
159 creatures vanquished.

Grand Total: 2389 creatures vanquished

Notes
Turn   | Place    | Note
-------+----------+-------------------------------------------
     0 | D:1      | Peloso the Minotaur Fighter began the quest for the Orb.
     0 | D:1      | Reached XP level 1. HP: 19/19 MP: 0/0
   243 | D:1      | Reached XP level 2. HP: 27/27 MP: 1/1
   796 | D:1      | Found a faded altar of an unknown god.
  1021 | D:1      | Reached XP level 3. HP: 33/33 MP: 2/2
  1244 | D:2      | Found a hide-covered altar of Uskayaw.
  1416 | D:2      | Reached skill level 1 in Dodging
  2199 | D:3      | Found a runed translucent gate.
  2201 | D:3      | Found a runed translucent gate.
  2201 | D:3      | Found a runed translucent gate.
  2206 | D:3      | Noticed TungstenYUNOMELT's ghost (weakling DsFi)
  2406 | D:3      | Reached XP level 4. HP: 40/40 MP: 3/3
  2494 | D:3      | Noticed Grinder
  2509 | D:3      | Killed Grinder
  2510 | D:3      | Reached skill level 5 in Long Blades
  2510 | D:3      | Reached skill level 5 in Armour
  2510 | D:3      | Reached XP level 5. HP: 21/47 MP: 4/4
  2510 | D:3      | Reached XP level 6. HP: 24/53 MP: 5/5
  3192 | D:4      | Noticed Natasha
  3201 | D:4      | Killed Natasha
  3702 | D:4      | Noticed Natasha
  3711 | D:4      | Killed Natasha
  3734 | D:4      | Noticed Natasha
  3916 | D:4      | Killed Natasha
  4055 | D:5      | Entered Level 5 of the Dungeon
  4078 | D:5      | Reached skill level 1 in Unarmed Combat
  4078 | D:5      | Reached XP level 7. HP: 15/60 MP: 6/6
  4478 | D:5      | Reached skill level 5 in Fighting
  4478 | D:5      | Reached skill level 5 in Shields
  4677 | D:5      | Found a staircase to the Ecumenical Temple.
  4693 | Temple   | Entered the Ecumenical Temple
  5324 | D:6      | Found Wilyxyri's Vocational Training.
  5340 | D:6      | Reached XP level 8. HP: 61/68 MP: 7/7
  5401 | D:6      | Noticed a two-headed ogre
  5807 | D:6      | Killed a two-headed ogre
  6111 | D:6      | Reached skill level 1 in Stealth
  6236 | D:6      | Found an ancient bone altar of Kikubaaqudgha.
  6359 | D:6      | Reached XP level 9. HP: 75/75 MP: 8/8
  6455 | D:6      | Identified the +4 chain mail "Sephamaw" {*Corrode rPois
                  | Will+++ Regen+}
  6753 | D:7      | HP: 2/75 [steam dragon/ball of steam (8)]
  6868 | D:7      | Found a flagged portal.
  6876 | Bailey   | Entered a bailey
  6937 | Bailey   | Reached skill level 10 in Long Blades
  7357 | Bailey   | Found an iron altar of Okawaru.
  7372 | Bailey   | Became a worshipper of Warmaster Okawaru
  7468 | D:7      | Found a bloodstained altar of Trog.
  7518 | D:7      | Found a sacrificial altar of Ru.
  7617 | D:6      | Found a radiant altar of Vehumet.
  7617 | D:6      | Found a sparkling altar of Nemelex Xobeh.
  7750 | D:7      | Found a stormy altar of Qazlal.
  7873 | D:7      | Reached * piety under Okawaru
  8042 | D:7      | Reached XP level 10. HP: 86/86 MP: 9/9
  8215 | D:7      | Found a runed translucent door.
  8216 | D:7      | Noticed Crazy Yiuf
  8361 | D:7      | Killed Crazy Yiuf
  8420 | D:8      | Noticed Erica
  8420 | D:8      | Noticed Prince Ribbit
  8436 | D:7      | Killed Prince Ribbit
  8458 | D:8      | Killed Erica
  8645 | D:8      | Identified the ring "Moofinue" {Fly Str+6}
  8706 | D:8      | Reached ** piety under Okawaru
  8870 | D:8      | Found a glowing silver altar of Zin.
  9007 | D:8      | Noticed Pikel
  9019 | D:8      | Killed Pikel
  9245 | D:8      | Noticed Maurice
  9256 | D:8      | Killed Maurice
  9257 | D:8      | Reached skill level 10 in Armour
  9606 | D:9      | Reached *** piety under Okawaru
  9854 | D:9      | Reached XP level 11. HP: 82/97 MP: 7/10
 10020 | D:9      | Reached **** piety under Okawaru
 10124 | D:9      | Noticed a two-headed ogre
 10135 | D:9      | Killed a two-headed ogre
 10238 | D:9      | Noticed a red ugly thing
 10238 | D:9      | Noticed Psyche
 10254 | D:9      | Killed a red ugly thing
 10268 | D:9      | Killed Psyche
 10313 | D:9      | Found a staircase to the Lair.
 10642 | D:10     | Entered Level 10 of the Dungeon
 10731 | D:10     | Noticed Nergalle
 10739 | D:10     | Noticed a two-headed ogre
 10748 | D:10     | Killed Nergalle
 10754 | D:10     | Killed a two-headed ogre
 10754 | D:10     | Reached ***** piety under Okawaru
 10755 | D:10     | Reached skill level 10 in Fighting
 10755 | D:10     | Reached skill level 1 in Invocations
 10798 | D:10     | Found an ornate altar of the Wu Jian Council.
 10816 | D:10     | Found a staircase to the Orcish Mines.
 10901 | D:10     | Found a broken altar of Ashenzari.
 10954 | D:10     | Found an iron altar of Okawaru.
 11146 | D:10     | Found a shimmering blue altar of Sif Muna.
 11197 | D:10     | Found a hide-covered altar of Uskayaw.
 11412 | D:11     | Reached skill level 5 in Dodging
 11716 | D:11     | Reached XP level 12. HP: 60/107 MP: 8/11
 11837 | D:11     | Received a gift from Okawaru
 12049 | D:11     | Reached skill level 10 in Shields
 12506 | D:11     | Reached ****** piety under Okawaru
 12507 | D:11     | Reached skill level 15 in Long Blades
 12835 | Lair:1   | Entered Level 1 of the Lair of Beasts
 12864 | Lair:1   | Identified the +0 buckler of the Shoals {Str+4 Int+5}
                  | (Okawaru gifted it to you on level 1 of the Lair of Beasts)
 12864 | Lair:1   | Received a gift from Okawaru
 13126 | Lair:1   | Found a runed translucent gate.
 13126 | Lair:1   | Found a runed translucent gate.
 13141 | Lair:1   | Found a runed translucent gate.
 13145 | Lair:1   | Noticed danmikkh's ghost (journeyman HOFi)
 13211 | Lair:1   | Reached XP level 13. HP: 68/118 MP: 13/13
 14729 | Lair:3   | Found a transporter.
 14730 | Lair:3   | Found a transporter.
 14751 | Lair:3   | Identified the +1 tower shield of the Blizzard {Slay+5}
                  | (Okawaru gifted it to you on level 3 of the Lair of Beasts)
 14751 | Lair:3   | Received a gift from Okawaru
 15148 | Lair:3   | Found a staircase to the Shoals.
 15379 | Lair:3   | Found a staircase to the Snake Pit.
 15974 | D:12     | Found a white marble altar of Elyvilon.
 16527 | Orc:1    | Entered Level 1 of the Orcish Mines
 16725 | Orc:2    | Entered Level 2 of the Orcish Mines
 16788 | Orc:2    | Found Uges's Distillery.
 16844 | Orc:2    | Received a gift from Okawaru
 16875 | Orc:2    | Bought a potion of mutation for 128 gold pieces
 16924 | Orc:2    | Found a staircase to the Elven Halls.
 17094 | Orc:2    | Reached XP level 14. HP: 129/129 MP: 14/14
 17312 | Orc:2    | Noticed an orc warlord
 17368 | Orc:2    | Killed an orc warlord
 17504 | Orc:2    | Found Dodull's Antique Armour Shoppe.
 17508 | Orc:2    | Found Qifoh's Antique Weapon Emporium.
 17520 | Orc:2    | Bought a pair of slimy boots for 275 gold pieces
 17520 | Orc:2    | Identified the +0 pair of boots "Rithrott" {Dex+4} (You
                  | bought it in a shop on level 2 of the Orcish Mines)
 17765 | Orc:2    | Found Ozxaum's Book Shoppe.
 17937 | Orc:2    | Found Piroliwa's Armour Shop.
 18382 | Orc:1    | Found Xet Amnu's Antique Weapon Emporium.
 18644 | D:13     | Found a gate leading to a gauntlet.
 18669 | Gauntlet | Entered a Gauntlet
 18669 | Gauntlet | Found a transporter.
 18669 | Gauntlet | Found a transporter.
 18669 | Gauntlet | Found a transporter.
 18682 | Gauntlet | Found a transporter.
 18689 | Gauntlet | Found a transporter.
 18697 | Gauntlet | Found a transporter.
 18698 | Gauntlet | Found a transporter.
 18714 | Gauntlet | Found a transporter.
 18731 | Gauntlet | Found a transporter.
 18748 | Gauntlet | Found a transporter.
 18751 | Gauntlet | Found a transporter.
 18771 | Gauntlet | Found a transporter.
 18941 | Gauntlet | Identified the ring of Requfel {rN++ Str+3 Dex-4 SInv}
 18971 | Gauntlet | Identified the +7 long sword of the Grinning Dove {flame,
                  | rElec rPois rN++ Will-}
 19013 | Gauntlet | Identified the ring "Opimaseh" {Fire *Slow rPois Will+
                  | rCorr}
 19041 | Gauntlet | Identified the +3 plate armour of Okawaru's Indignation
                  | {rElec Int+3 Stlth+} (Okawaru gifted it to you in a
                  | Gauntlet)
 19041 | Gauntlet | Received a gift from Okawaru
 19049 | Gauntlet | Identified the ring "Sonepenk" {rC+ Dex+3}
 19887 | D:3      | Killed TungstenYUNOMELT's ghost
 20097 | Lair:1   | Killed danmikkh's ghost
 20109 | Lair:1   | Identified the amulet "Zetod" {RegenMP Fly rElec}
 20482 | Lair:4   | Reached skill level 15 in Shields
 20902 | Lair:4   | Found a runed translucent door.
 20903 | Lair:4   | Found a viscous altar of Jiyva.
 20903 | Lair:4   | Noticed an acid blob
 20904 | Lair:4   | Found a staircase to the Slime Pits.
 20921 | Lair:4   | Killed an acid blob
 21110 | Lair:5   | Entered Level 5 of the Lair of Beasts
 21475 | Lair:5   | Identified the +5 flail of Okawaru's Hope {vorpal, rElec
                  | rPois Dex-3 SInv} (Okawaru gifted it to you on level 5 of
                  | the Lair of Beasts)
 21475 | Lair:5   | Received a gift from Okawaru
 21614 | Lair:5   | Reached XP level 15. HP: 119/139 MP: 16/16
 22033 | Lair:5   | Received a gift from Okawaru
 22034 | Lair:5   | Reached skill level 15 in Armour
 22144 | Lair:5   | Identified the ring "Omyakacy" {Ice Int+4}
 22675 | D:14     | Found a burning altar of Makhleb.
 23000 | D:14     | Reached skill level 15 in Fighting
 23090 | D:14     | Found a gate to the Vaults.
 23394 | D:14     | Found a gateway to a bazaar.
 23413 | Bazaar   | Entered a bazaar
 23416 | Bazaar   | Found Guyg's Assorted Antiques.
 23418 | Bazaar   | Found Xoxamem's Magic Scroll Emporium.
 23423 | Bazaar   | Found Ejodistri's Weapon Emporium.
 23423 | Bazaar   | Found Jotemet's Magic Scroll Shoppe.
 23434 | Bazaar   | Bought a scroll of magic mapping for 105 gold pieces
 23434 | Bazaar   | Bought a scroll of brand weapon for 133 gold pieces
 23459 | Bazaar   | Bought a scroll of identify for 28 gold pieces
 23563 | D:15     | Entered Level 15 of the Dungeon
 23564 | D:15     | Noticed Jorgrun
 23586 | D:15     | Killed Jorgrun
 23781 | D:15     | Identified the +2 buckler "Innui" {*Slow rPois Int+5 Dex-3}
                  | (Okawaru gifted it to you on level 15 of the Dungeon)
 23781 | D:15     | Received a gift from Okawaru
 24174 | D:15     | Found a staircase to the Depths.
 24443 | Elf:1    | Entered Level 1 of the Elven Halls
 24542 | Elf:1    | Noticed Agnes
 24549 | Elf:1    | Noticed a deep elf sorcerer
 24558 | Elf:1    | Killed Agnes
 24559 | Elf:1    | Reached XP level 16. HP: 99/149 MP: 15/17
 24577 | Elf:1    | HP: 2/149 [+1 halberd of flaming (6)]
 24926 | Elf:1    | Identified the +5 falchion of Purpose {holy, rPois rC++ rN+
                  | MP-9}
 24935 | Elf:1    | Found Amaskie's CLEARANCE SALE!.
 24952 | Elf:1    | Received a gift from Okawaru
 25069 | Elf:1    | Bought a scroll of poison for 20 gold pieces
 25142 | Elf:1    | Got Cerebov's Precepts of Concussion
 25647 | Elf:1    | Noticed Frances
 25676 | Elf:1    | Killed Frances
 26577 | Snake:1  | Entered Level 1 of the Snake Pit
 27168 | Snake:1  | Found Uvunt's Antique Armour Shoppe.
 27171 | Snake:1  | Found Weava's Antique Weapon Shoppe.
 27171 | Snake:1  | Found Oviddy's Magic Scroll Emporium.
 27176 | Snake:1  | Found Horemm's Magic Scroll Emporium.
 27949 | Snake:2  | Received a gift from Okawaru
 28260 | Snake:2  | Noticed Louise
 28276 | Snake:2  | Killed Louise
 28475 | Snake:2  | You are sucked into a shaft and drop 1 floor!
 29260 | Snake:3  | Reached XP level 17. HP: 148/160 MP: 18/18
 29295 | Snake:3  | Received a gift from Okawaru
 30131 | Shoals:1 | Entered Level 1 of the Shoals
 30363 | Shoals:1 | Found Ziwneineho's Jewellery Boutique.
 30413 | Shoals:1 | Found Fouseba's Weapon Shop.
 30488 | Shoals:1 | Found Dawereyn's Distillery.
 30587 | Shoals:1 | Found Jexuteank's Magic Scroll Emporium.
 30847 | Shoals:1 | Found Haigham's Weapon Boutique.
 30917 | Shoals:1 | Bought a potion of might for 76 gold pieces
 30917 | Shoals:1 | Bought a potion of might for 76 gold pieces
 32633 | Shoals:2 | Reached skill level 1 in Evocations
 32695 | Shoals:2 | Received a gift from Okawaru
 34405 | Shoals:4 | Entered Level 4 of the Shoals
 34437 | Shoals:4 | Found a frozen archway.
 34448 | IceCv    | Entered an ice cave
 34935 | IceCv    | Received a gift from Okawaru
 35286 | IceCv    | Identified the +5 long sword of Indomitability {vorpal,
                  | rElec rF+ Int-4}
 35917 | Shoals:4 | Reached XP level 18. HP: 92/170 MP: 19/19
 36034 | Shoals:4 | Found Gohunn's Magic Scroll Emporium.
 36041 | Shoals:4 | Identified the +0 cloak of Paroisum {rPois} (Okawaru gifted
                  | it to you on level 4 of the Shoals)
 36041 | Shoals:4 | Received a gift from Okawaru
 36058 | Shoals:4 | Bought a scroll of magic mapping for 150 gold pieces
 36058 | Shoals:4 | Bought a scroll of magic mapping for 150 gold pieces
 36075 | Shoals:4 | Got a barnacled rune of Zot
 36141 | Shoals:4 | Noticed Ilsuiw
 36180 | Shoals:4 | Killed Ilsuiw
 37478 | Snake:4  | Entered Level 4 of the Snake Pit
 37493 | Snake:4  | Found Rukydaeff's Gadget Gallery.
 37505 | Snake:4  | Found Bulufu's Book Shop.
 37608 | Snake:4  | Reached skill level 10 in Dodging
 37647 | Snake:4  | Found a flickering gateway to a bazaar.
 37659 | Bazaar   | Entered a bazaar
 37659 | Bazaar   | Found Zakytiff's Book Shoppe.
 37659 | Bazaar   | Found Xoplaeq's Assorted Antiques.
 37660 | Bazaar   | Found Xikh's Weapon Shoppe.
 37660 | Bazaar   | Found Timemipt's Book Emporium.
 38908 | Snake:4  | Got a serpentine rune of Zot
 39305 | Vaults:1 | Entered Level 1 of the Vaults
 39327 | Vaults:1 | Received a gift from Okawaru
 39781 | Vaults:1 | Reached XP level 19. HP: 180/180 MP: 20/20
 40222 | Vaults:1 | Received a gift from Okawaru
 41499 | Vaults:2 | You are sucked into a shaft and drop 1 floor!
 41585 | Vaults:3 | Found a flickering gateway to a bazaar.
 41593 | Bazaar   | Entered a bazaar
 41594 | Bazaar   | Found Qiprig's Jewellery Emporium.
 41594 | Bazaar   | Found Mefopti's Magic Scroll Emporium.
 41595 | Bazaar   | Found Goumnux's Armour Shop.
 41604 | Bazaar   | Found Ighi's Book Boutique.
 41647 | Bazaar   | Bought the ring "Taasyjys" {rElec rF++ AC+4 Int+4} for 834
                  | gold pieces
 41669 | Bazaar   | Bought a scroll of poison for 64 gold pieces
 42420 | Vaults:2 | Found a transporter.
 42423 | Vaults:2 | Noticed Qubujoz's ghost (adept FoHu)
 42424 | Vaults:2 | Noticed an ancient lich
 42432 | Vaults:2 | Noticed Xafer's ghost (adept DsGl)
 42439 | Vaults:2 | Noticed Yloucecuu's ghost (veteran SpEn)
 42450 | Vaults:2 | Found a transporter.
 42651 | Vaults:2 | Identified the +8 falchion of the Hidden Vale {drain, rPois
                  | rF+ Int+2} (Okawaru gifted it to you on level 2 of the
                  | Vaults)
 42651 | Vaults:2 | Received a gift from Okawaru
 43332 | Vaults:3 | Noticed a bone dragon
 43358 | Vaults:3 | Killed a bone dragon
 43381 | Vaults:3 | Reached XP level 20. HP: 138/191 MP: 22/22
 43399 | Vaults:3 | Received a gift from Okawaru
 43593 | Vaults:3 | Found a staircase to the Crypt.
 44052 | Vaults:3 | Identified the +6 short sword of Balance {flame, rPois rF+
                  | rCorr Dex-3}
 44718 | Vaults:4 | Identified the +13 crystal plate armour "Ililen" {Rampage}
                  | (Okawaru gifted it to you on level 4 of the Vaults)
 44718 | Vaults:4 | Received a gift from Okawaru
 44749 | Vaults:4 | Reached skill level 27 in Shields
 45458 | Vaults:4 | Found a portal to a secret trove of treasure.
 45865 | Vaults:4 | Found Rieheeju's Distillery.
 45873 | Vaults:4 | Bought a potion of curing for 66 gold pieces
 45873 | Vaults:4 | Bought a potion of heal wounds for 110 gold pieces
 47230 | Orc:2    | Bought a potion of curing for 48 gold pieces
 47230 | Orc:2    | Bought a potion of curing for 48 gold pieces
 47230 | Orc:2    | Bought a potion of berserk rage for 80 gold pieces
 47435 | Shoals:1 | Bought a potion of curing for 57 gold pieces
 47435 | Shoals:1 | Bought a potion of curing for 57 gold pieces
 47435 | Shoals:1 | Bought a potion of curing for 57 gold pieces
 47695 | Elf:2    | Identified the +8 falchion "Wienug" {protect, rPois rF+ rC+
                  | Dex+7} (Okawaru gifted it to you on level 2 of the Elven
                  | Halls)
 47695 | Elf:2    | Received a gift from Okawaru
 47696 | Elf:2    | Reached XP level 21. HP: 203/203 MP: 23/23
 47759 | Elf:2    | Paralysed by an air elemental for 1 turns
 48079 | Elf:2    | Identified Roxanne's Writings on Minerals
 48079 | Elf:2    | Noticed Roxanne
 48087 | Elf:2    | Noticed Zenata
 48095 | Elf:2    | Killed Roxanne
 48114 | Elf:2    | Killed Zenata
 48296 | Elf:2    | Paralysed by an air elemental for 1 turns
 48528 | Elf:2    | Found Edwunudi's Weapon Boutique.
 48584 | Elf:2    | Found a runed translucent gate.
 48584 | Elf:2    | Found a runed translucent gate.
 48584 | Elf:2    | Found a runed translucent gate.
 48676 | Elf:3    | Entered Level 3 of the Elven Halls
 49020 | Elf:3    | Identified the +1 plate armour of a volcano {Slay+3}
                  | (Okawaru gifted it to you on level 3 of the Elven Halls)
 49020 | Elf:3    | Received a gift from Okawaru
 49300 | Elf:3    | Identified the ring "Geymauf" {rElec rCorr}
 49698 | Elf:3    | Identified the +5 great sword of Atoocink {vorpal, Int+6}
 49698 | Elf:3    | Identified the ring "Giaff" {rPois rC+ rCorr Dex-5 Stlth+}
 49708 | Elf:3    | Identified the +5 battleaxe of the Swamp {venom, MP+9 SInv}
 49743 | Elf:3    | Identified the +10 hand axe of Beogh's Felicitations {pain,
                  | rF+ SInv}
 49743 | Elf:3    | Identified the ring of Undoing {+Blink rPois}
 49762 | Elf:3    | Identified the +1 war axe of Proximity {vorpal, rF+ Str+2
                  | Int+4 Dex+4}
 49810 | Elf:3    | Identified the +2 glaive of the Tomato {vorpal, Dex+2}
 49913 | Elf:3    | Identified the +9 giant spiked club of the Median {vorpal,
                  | Dex+3}
 49935 | Elf:3    | Got the Vellum of Heat and the Mausoleum
 49953 | Elf:3    | Identified the +6 shortbow of Kekuycw {freeze, rPois Int+3
                  | Dex-2}
 50087 | Elf:3    | Found Haiz's Armour Boutique.
 51042 | Vaults:5 | Entered Level 5 of the Vaults
 51042 | Vaults:5 | Noticed a golden dragon
 51043 | Vaults:5 | Noticed Mara
 51294 | Vaults:5 | Noticed Peloso's illusion
 51329 | Vaults:4 | Identified the +1 chain mail "Kaosaps" {rC+ rN+ Will++
                  | Str-3} (Okawaru gifted it to you on level 4 of the Vaults)
 51329 | Vaults:4 | Received a gift from Okawaru
 51510 | Vaults:5 | Noticed Peloso's illusion
 51521 | Vaults:4 | Killed a golden dragon
 51522 | Vaults:4 | Reached XP level 22. HP: 44/217 MP: 24/24
 51670 | Vaults:5 | Noticed Peloso's illusion
 51770 | Vaults:5 | Noticed Peloso's illusion
 51777 | Vaults:5 | Noticed Peloso's illusion
 51797 | Vaults:5 | Killed Mara
 51894 | Vaults:5 | Noticed Saint Roka
 52314 | Vaults:4 | Killed Saint Roka
 52527 | Vaults:5 | Found Ysiamp's Assorted Antiques.
 53000 | Vaults:5 | Got a silver rune of Zot
 53176 | Vaults:5 | Identified the +3 ring mail of Pingeicse {rF+ Stlth+}
                  | (Okawaru gifted it to you on level 5 of the Vaults)
 53176 | Vaults:5 | Received a gift from Okawaru
 53190 | Vaults:5 | Identified the +3 ring mail "Hytuesam" {-Cast Rampage rF+}
 54568 | Vaults:5 | Found the +3 hat of Pondering {ponderous, Will+ MP+10
                  | Int+5}
 54583 | Vaults:5 | Identified the ring of Utiez {rPois rC+ Int+3}
 54630 | Vaults:5 | Identified the +7 morningstar "Gram" {flame, Str+2 Int+3
                  | Dex+4}
 54640 | Vaults:5 | Identified the amulet of Fan Jih {rC+ Regen+ Str-4 Stlth+}
 54650 | Vaults:5 | Identified the +1 robe of the Forest {-Tele Rampage rPois
                  | Archmagi}
 55485 | Vaults:4 | You paid a toll of 19 potions of curing to enter a treasure
                  | trove
 55486 | Trove    | Entered a treasure trove
 55510 | Trove    | Found the +2 Maxwell's thermic engine {flame, freeze}
 55514 | Trove    | Identified the +4 double sword "Ackey" {freeze, MP+9}
 55527 | Trove    | Identified the +8 glaive of the Rotten God {freeze, *Noise
                  | rC- Str+8 Dex+5}
 55533 | Trove    | Identified the +6 scimitar "Spiderslayer" {drain, rPois
                  | rCorr Int+2 Stlth+}
 55549 | Trove    | Identified the +3 dagger "Xaomom" {vorpal, rElec Int+3}
 55555 | Trove    | Identified the +8 dagger "Xoskout" {drain, *Slow rPois rN+
                  | Will+}
 56295 | Crypt:1  | Entered Level 1 of the Crypt
 56678 | Crypt:1  | Noticed Donald
 56691 | Crypt:1  | Killed Donald
 56727 | Crypt:1  | Identified a scroll of acquirement
 56949 | Crypt:1  | Noticed Xtahua
 56958 | Crypt:1  | Killed Xtahua
 57485 | Crypt:2  | Reached XP level 23. HP: 221/229 MP: 16/25
 58144 | Crypt:2  | Identified the +2 cloak of Okawaru's Reproof {rF++}
                  | (Okawaru gifted it to you on level 2 of the Crypt)
 58144 | Crypt:2  | Received a gift from Okawaru
 58350 | Crypt:2  | Noticed Boris
 58379 | Crypt:2  | Killed Boris
 58751 | Crypt:3  | Entered Level 3 of the Crypt
 58783 | Crypt:3  | Identified the +7 shortbow "Pendulum" {flame, rElec}
 58884 | Crypt:2  | Found an ancient bone altar of Kikubaaqudgha.
 59166 | Crypt:3  | Found a basalt altar of Yredelemnul.
 59467 | Crypt:3  | Identified the amulet "Vouhosch" {Harm Rampage Regen+}
 59467 | Crypt:3  | Identified the ring of the Nightingale {Contam rF+ rN+
                  | Dex+2}
 59467 | Crypt:3  | Identified the ring "Tifaf" {rN+ rCorr}
 59715 | Crypt:3  | Received a gift from Okawaru
 59731 | Crypt:3  | Identified the +8 chain mail of Olageati {rC+ Str-2 Dex+6}
 59779 | Crypt:3  | Reached skill level 5 in Invocations
 59825 | Crypt:3  | Found a staircase to the Tomb.
 59825 | Crypt:3  | Noticed an ancient lich
 59842 | Crypt:3  | Killed an ancient lich
 60012 | Crypt:3  | Identified the +2 robe of Kindness {Harm Will- Regen+}
 60442 | Depths:1 | Entered Level 1 of the Depths
 60642 | Depths:1 | Found a gateway to Hell.
 60899 | Depths:1 | Found a runed translucent door.
 61102 | Depths:1 | Reached skill level 27 in Long Blades
 61112 | Depths:1 | Reached XP level 24. HP: 185/244 MP: 25/25
 61307 | Depths:1 | Found Peomnip's Jewellery Emporium.
 61307 | Depths:1 | Found Meomiheg's Book Shop.
 61308 | Depths:1 | Found Olaropit's Jewellery Emporium.
 61323 | Depths:1 | Bought the ring "Ciruopue" {Will+ Slay+4 SInv} for 1801
                  | gold pieces
 61525 | Depths:1 | Reached skill level 15 in Dodging
 62058 | Depths:1 | Identified the ring "Caluvve" {rElec rF+}
 62168 | Depths:2 | Received a gift from Okawaru
 62223 | Depths:2 | Noticed a juggernaut
 62235 | Depths:2 | Killed a juggernaut
 62243 | Depths:2 | Noticed a juggernaut
 62249 | Depths:2 | Found Fapu's Distillery.
 62260 | Depths:2 | Killed a juggernaut
 62311 | Depths:2 | Found Fetexu's Antique Armour Shoppe.
 62407 | Depths:2 | Found a flickering gateway to a bazaar.
 62416 | Bazaar   | Entered a bazaar
 62416 | Bazaar   | Found Adoeded's Book Shop.
 62418 | Bazaar   | Found Zynk's General Store.
 62432 | Bazaar   | Found Fotsaihu's General Store.
 62433 | Bazaar   | Found Suzoucvi's Distillery.
 62436 | Bazaar   | Bought a potion of curing for 42 gold pieces
 62442 | Bazaar   | Bought a potion of curing for 30 gold pieces
 62442 | Bazaar   | Bought a potion of curing for 30 gold pieces
 62442 | Bazaar   | Bought a potion of heal wounds for 50 gold pieces
 62442 | Bazaar   | Bought a potion of heal wounds for 50 gold pieces
 62448 | Bazaar   | Found Qiemul's Weapon Emporium.
 62642 | Depths:2 | Reached skill level 27 in Fighting
 62782 | Depths:2 | Bought a jewelled cloak for 237 gold pieces
 62782 | Depths:2 | Identified the +2 cloak "Ohim" {Dex+4} (You bought it in a
                  | shop on level 2 of the Depths)
 62835 | Depths:2 | Found Zorifr Feuwk's Antique Armour Shop.
 63121 | Depths:2 | Found a one-way gate leading to the halls of Pandemonium.
 63188 | Depths:2 | Found a sacrificial altar of Ru.
 63618 | Depths:3 | Noticed Boris
 63738 | Depths:3 | Killed Boris
 63930 | Depths:3 | Received a gift from Okawaru
 64005 | Depths:3 | Noticed Frederick
 64021 | Depths:3 | Killed Frederick
 64191 | Depths:3 | Found a one-way gate to the infinite horrors of the Abyss.
 64965 | Depths:4 | Entered Level 4 of the Depths
 65028 | Depths:4 | Reached XP level 25. HP: 200/257 MP: 14/26
 65261 | Depths:4 | Found a gate to the Realm of Zot.
 65411 | Depths:4 | Received a gift from Okawaru
 65419 | Depths:4 | Acquired 780 gold pieces
 65896 | Depths:4 | Identified the ring of Kohisurph {Ice rElec rPois rCorr
                  | Int-4}
 65896 | Depths:4 | Noticed Josephina
 65914 | Depths:4 | HP: 12/257 [Josephina/staff of cold (30)]
 65914 | Depths:4 | Annihilated by Josephina

Illustrated notes

Levels and vault maps discovered:
D:1:      dpeg_arrival_renting, layout_loops_ring,
          hellmonk_ecumenical_altar_zigzags, nicolae_grassy_gnolls
D:2:      layout_basic, basic_altar
D:3:      minmay_razor_zed, layout_rooms, serial_glass, glass_columns_b,
          glass_columns_b, glass_columns_b, glass_columns_a,
          due_unseen_surprise, feat_on_display, feat_on_display,
          gammafunk_ghost_necromancy, corexii_corridor_pit,
          kennysheep_minor_cross, uniq_grinder
D:4:      layout_rooms, chequers_serial_rivers_room_b, uniq_natasha
D:5:      layout_gridville, minmay_temple_entry_drinking_statues
D:6:      layout_cave_pools, nicolae_overflow_hidden_temple,
          nicolae_shop_vocational
D:7:      layout_loops_ring, mainiacjoe_overflow_boulevard,
          trog_ov_bears_minmay, grunt_qazlal_sundering, enter_bailey_3,
          uniq_crazy_yiuf_cottage
D:8:      layout_gridville, amcnicky_altar_gilded, uniq_prince_ribbit1,
          uniq_pikel, uniq_maurice, uniq_erica
D:9:      layout_loops_corners, dpeg_oklobed_lair, uniq_psyche
D:10:     layout_big_octagon, nicolae_sif_muna_little_library,
          nicolae_wu_jian_wuxing_cycle, kennysheep_okawaru_gauntlet,
          mainiacjoe_overflow_catwalk, mainiacjoe_overflow_alcove_2,
          orc_0_dummy, uniq_nergalle
D:11:     layout_grid_maze, serial_undead, serial_undead_b, serial_undead_c,
          serial_undead_d, serial_undead_a, serial_undead_d, serial_undead_f,
          serial_undead_d, serial_undead_d, serial_undead_d, serial_undead_c
D:12:     layout_rooms, nicolae_elyvilon_peaceful_grove
D:13:     layout_loops_ring, gauntlet_entry_generic, minivault_25_ag,
          nicolae_concentric_dashed_squares_wild
D:14:     layout_long_grid, david_vaults_5, serial_shops, bzr_entry_customers,
          bloody_makhleb
D:15:     grunt_enter_depths_magical_seal, layout_rooms, minmay_misc_feat_iff,
          uniq_jorgrun
Temple:   nicolae_temple_ecumenical_triangle
Lair:1:   minmay_lair_venomous_thicket, layout_concentric_octagons,
          gammafunk_ghost_split, st_stairs_12, grunt_megastairs_1
Lair:2:   layout_gridlike, serial_bayou_pond_a, grunt_megastairs_2
Lair:3:   gammafunk_boulding_lane, layout_cave_pods, minmay_shoals_entry_hut,
          minmay_snake_entry_guardpost_medium
Lair:4:   layout_roguey, slime_entry_2, beast_lair_carwin_1,
          serial_bayou_shore_a
Lair:5:   minmay_lair_end_enchanted_forest, layout_long_grid, special_room
          [special_room_mythical_zoo], minivault_11, kilobyte_rumbling_trees,
          lemuel_fruit_tree
Shoals:1: layout_shoals, serial_shops, nicolae_shop_hallway_stairs, shop, shop,
          nicolae_shop_window_shopping, nicolae_shop_bloodbath_and_beyond,
          nicolae_shoals_sun_and_surf
Shoals:2: layout_shoals
Shoals:3: nicolae_shoals_island_circles, layout_shoals,
          nicolae_shoals_cliffside_cave
Shoals:4: shoals_end_grunt_ice, layout_shoals, shoal_ilsuiw, serial_shops,
          shop_fountains, portal_ice_cave_entry_pillars_2
Snake:1:  layout_layer_cave, grunt_megastairs_3, minmay_shoptagon
Snake:2:  layout_grid_maze, uniq_louise
Snake:3:  layout_cave_town, drop_trap
Snake:4:  minmay_snake_end_coiled, layout_basic, serial_shops, bzr_entry_safe,
          nicolae_shop_gadgets, minmay_shop_star, uniq_aizul
Orc:1:    layout_caves, serial_shops, shop_fountains
Orc:2:    grunt_orc_community_town_hall, layout_caves,
          grunt_orc_community_big_house_1, grunt_orc_community_big_house_1,
          grunt_orc_community_house_2, grunt_orc_community_house_1,
          grunt_orc_community_house_3, grunt_orc_community_house_3,
          grunt_orc_community_house_1, grunt_orc_community_house_1,
          serial_shops, shop
Elf:1:    eino_elf_arrival_sip, layout_geoelf_octagon, minmay_elf_sorcery,
          nicolae_shop_clearance, uniq_agnes, uniq_frances
Elf:2:    elven_hall_of_blades_hangedman_original [mumra_blade_entry_dagger],
          layout_rooms, serial_shops, nicolae_shop_trees, minivault_20,
          minmay_misc_feat_alley, uniq_zenata, uniq_roxanne
Elf:3:    minmay_elf_hall_curves, layout_gridlike, serial_shops, shop,
          nicolae_wwwww, grunt_megastairs_4
Vaults:1: nicolae_vaults_what_the_h, st_lattice, hangedman_vaults_stagger,
          ontoclasm_vaults_decontamination, nicolae_vaults_arrows,
          vaults_dpeg_encased_lava, vaults_room_boxed, vaults_room_pool,
          nicolae_vaults_mini_display_case, layout_vaults_omnigrid
Vaults:2: nzn_ghost_randoct, nicolae_vaults_twisting_passages,
          nicolae_vaults_hallways_thing, ontoclasm_vaults_bender,
          nicolae_vaults_bisected_exclaves, vaults_room_fours,
          ontoclasm_vaults_eye, v_alt_pattern_5, vaults_mumra_minichess,
          vaults_room_semicircle, layout_vaults_chaotic_city
Vaults:3: v_rooms_4, v_misc_11, vaults_room_grunt_arrival_checkpoint,
          ontoclasm_vaults_claustrophobia, nicolae_vaults_little_squares_3,
          kb_rosetta, vaults_mumra_chevron, minmay_crypt_entry_nasty_monster,
          vaults_room_pools, v_alt_pattern_1, vaults_dpeg_emergency_exit,
          hangedman_vaults_stretched_pinwheel, vaults_dpeg_cross,
          vaults_mumra_hexcomb, v_alt_pattern_1, nicolae_vaults_three_branches,
          v_alt_pattern_3, layout_vaults_maze, serial_shops, bzr_entry_road
Vaults:4: v_misc_15, ontoclasm_vaults_spin, vaults_room_grid,
          nicolae_vaults_shelves_hall, v_misc_14, v_misc_2,
          vaults_room_ringed_pool, nicolae_vaults_little_squares_2,
          hangedman_vaults_nails, v_misc_26, serial_ice_h, v_misc_27, v_misc_33,
          hangedman_vaults_corner_blocks, layout_vaults_ring, serial_shops,
          shop, nicolae_trove_entry_crystal
Vaults:5: uniq_mara, uniq_saint_roka
Crypt:1:  layout_gridlike, grunt_crypt_arrival_guarded_gate, uniq_donald,
          uniq_xtahua
Crypt:2:  hangedman_screamer, layout_gridlike, lemuel_upstairs_altar, uniq_boris
Crypt:3:  grunt_crypt_end_deaths_head
Depths:1: layout_honeycomb, pf_hell_entry_tar_river, minmay_acid_items,
          roderic_lattice_octagonal_star, minmay_shop_grove, firewood_loft,
          serial_bayou_shore_b
Depths:2: minmay_dotted_concentric_squares, layout_honeycomb,
          grunt_pan_entry_in_and_out, nicolae_two_hexagons,
          grunt_hell_entry_dis_old, serial_shops, bzr_entry_lakeside,
          kennysheep_mini, nicolae_shop_crystal, nicolae_shop_trees,
          nicolae_ru_awakened_eye
Depths:3: nicolae_cairo_tiling, layout_cave_pools, abyss_entry_crystal,
          serial_bayou_ford_a, rand_demon_pan_entry_8, hell_entry,
          uniq_frederick
Depths:4: grunt_zot_entry_bicorn, layout_gridville, enter_ziggurat_a,
          hell_entry, grunt_pan_entry_spiral, solitary_fountain,
          kennysheep_random_hallway, uniq_josephina

Skill      XL: |  1  2  3  4  5  6  7  8  9 10 11 12 13 14 15 16 17 18 19 20 21 22 23 24 25 |
---------------+----------------------------------------------------------------------------+-----
Shields        | 4 5 6 7 8 9 10 13 16 18 20 22 24 26 27 | 27.0
Fighting       | 4 5 6 7 9 10 12 13 14 15 16 17 18 19 20 22 24 25 27 | 27.0
Armour         | 4 5 6 7 9 10 11 13 14 15 16 17 18 19 20 21 22 23 | 23.2
Dodging        | 1 2 3 4 5 6 7 8 9 10 11 12 13 14 17 18 | 18.1
Long Blades    | 3 5 6 7 9 11 12 14 15 16 17 18 19 20 21 23 25 27 | 27.0
Unarmed Combat | 1 |  1.9
Stealth        | 1 2 3 |  3.6
Invocations    | 1 2 3 4 5 |  5.5
Evocations     | 1 |  1.3

Action                   |  1- 3 |  4- 6 |  7- 9 | 10-12 | 13-15 | 16-18 | 19-21 | 22-24 | 25-27 || total
-------------------------+-------+-------+-------+-------+-------+-------+-------+-------+-------++-------
Melee: Long sword        |    87 |    66 |   409 |    26 |   790 |  1566 |  1689 |   489 |       ||  5122
       Headbutt          |    12 |    14 |    86 |   208 |   432 |   434 |   608 |   863 |    55 ||  2712
       Unarmed           |       |    15 |       |       |       |       |       |       |       ||    15
       Scimitar          |       |       |       |   820 |   321 |       |       |       |       ||  1141
       Demon blade       |       |       |       |       |   403 |       |       |       |       ||   403
       Falchion          |       |       |       |       |       |       |       |  1102 |       ||  1102
       Double sword      |       |       |       |       |       |       |       |   758 |   170 ||   928
Invok: Heroism           |       |       |       |    19 |    17 |    21 |    13 |    11 |       ||    81
       Finesse           |       |       |       |       |       |       |       |     1 |       ||     1
Evoke: Wand              |       |       |       |     5 |       |     5 |       |       |       ||    10
  Use: Scroll            |     3 |     1 |    11 |     3 |     8 |     7 |     3 |    17 |     1 ||    54
       Potion            |     1 |       |     3 |       |       |     1 |     1 |     4 |       ||    10
Armor: Scale mail        |    33 |     2 |       |       |       |       |       |       |       ||    35
       Chain mail        |       |    27 |   205 |   544 |   520 |   392 |   365 |   621 |    47 ||  2721
       Skin              |       |     3 |       |       |       |       |       |       |       ||     3
Dodge: Dodged            |    27 |    42 |   149 |   366 |   454 |   482 |   484 |   682 |    56 ||  2742
Block: Buckler           |    19 |    18 |   108 |   269 |    60 |       |       |       |       ||   474
       Tower shield      |       |       |       |       |  1630 |  2015 |  2225 |  2976 |   203 ||  9049
       Reflection        |       |       |       |       |    24 |    98 |   136 |    31 |     2 ||   291
